 Dungeon Crawl Stone Soup version 0.30-a0-883-g5ad918d77d (webtiles) character file.

Game seed: 3605061354607067607

14 MunHun the Conjurer (level 2, 0/17 HPs)
             Began as a Gargoyle Reaver on Mar 15, 2023.
             Slain by a kobold
             ... wielding a +0 dagger
              (2 damage)
             ... on level 1 of the Dungeon.
             The game lasted 00:03:05 (354 turns).

MunHun the Conjurer (Gargoyle Reaver)                Turns: 354, Time: 00:03:05

Health: 0/17       AC:  5    Str: 15    XL:     2   Next: 41%
Magic:  5/5        EV: 11    Int: 13    God:
Gold:   8          SH:  0    Dex:  8    Spells: 4/5 levels left

rFire   . . .      SeeInvis .    a - +0 spear
rCold   . . .      Faith    .    (no shield)
rNeg    + . .      Spirit   .    b - +0 leather armour
rPois   ∞          Reflect  .    (no helmet)
rElec   +          Rampage  .    (no cloak)
rCorr   .                        (no gloves)
Will    .....                    (no boots)
Stlth   +                        (no amulet)
HPRegen 0.22/turn                (no ring)
MPRegen 0.09/turn                (no ring)

@: no status effects
A: sickness immunity, AC +2, negative energy resistance 1, electricity
resistance, torment resistance 1, petrification resistance
a: no special abilities


You were on level 1 of the Dungeon.
You visited 1 branch of the dungeon, and saw 1 of its levels.

You collected 8 gold pieces.

Inventory:

Hand Weapons
 a - a +0 spear (weapon)
Armour
 b - a +0 leather armour (worn)
Jewellery
 f - a +6 ring of strength
Scrolls
 c - 2 scrolls of amnesia {unknown}
 g - a scroll of identify {unknown}
Potions
 d - a potion of brilliance {unknown}
 e - a potion of curing {unknown}


   Skills:
 + Level 2.2 Fighting
 + Level 2.9 Polearms
 + Level 1.7 Dodging
 + Level 2.2 Spellcasting
 + Level 3.5 Conjurations


You had 4 spell levels left.
You knew the following spells:

 Your Spells              Type           Power      Damage    Failure   Level
a - Kiss of Death         Conj/Necr      24%        2d7       14%         1

Your spell library contained the following spells:

 Spells                   Type           Power      Damage    Failure   Level
 Momentum Strike          Conj/Tloc      12%        3d8       22%         2
 Hailstorm                Conj/Ice       6%         3d4       41%         3


Dungeon Overview and Level Annotations

Branches:
Dungeon (1/15)

Altars:


Innate Abilities, Weirdness & Mutations

You are immune to sickness and miasma.
Your stone body is resilient. (AC +2)
You are immune to poison.
You resist negative energy. (rN+)
You are resistant to electric shocks. (rElec)
You are resistant to unholy torment.
You are immune to petrification.


Message History

You hit the endoplasm.
You kill the endoplasm!
The kobold hits you but does no damage. The endoplasm closely misses you.
You hit the endoplasm but do no damage.
The endoplasm is almost dead.
The kobold hits you but does no damage. The endoplasm completely misses you.
You hit the endoplasm.
You kill the endoplasm!
The kobold barely misses you. The dart slug launches a dart at you.
The slug dart hits you but does no damage.
The kobold hits you with a +0 dagger. The kobold closely misses you.
The kobold hits you with a +0 dagger. The kobold barely misses you.
The kobold barely misses you. The kobold hits you but does no damage.
The kobold barely misses you.
The dart slug bites you but does no damage.
You hit the dart slug.
The dart slug is moderately wounded.
The kobold barely misses you.
You hit the dart slug.
The dart slug is severely wounded.
The kobold hits you but does no damage.
The dart slug bites you but does no damage.
You hit the dart slug.
The dart slug is almost dead.
The kobold completely misses you. The dart slug launches a dart at you.
The slug dart hits you.
* * * LOW HITPOINT WARNING * * *
You hit the dart slug but do no damage.
The dart slug is almost dead.
The kobold hits you with a +0 dagger.
* * * LOW HITPOINT WARNING * * *
You hit the dart slug.
You kill the dart slug!
The kobold hits you with a +0 dagger.
You die...

.).............
...............
.....[.........
#######....?.......
...................
...................
...................
...................
.......@K..#.......
.......†...........
####........######.
#............
#........####
#.....#..#
#.....#..#
#.....##.# #......
.#


You could see a kobold.

Vanquished Creatures
  A dart slug (D:1)
  3 endoplasms (D:1)
  2 giant cockroaches (D:1)
  A hobgoblin (D:1)
  A kobold (D:1)
  A quokka (D:1)
  2 frilled lizards (D:1)
  2 goblins (D:1)
13 creatures vanquished.

Vanquished Creatures (others)
  4 plants (D:1)
4 creatures vanquished.

Grand Total: 17 creatures vanquished

Notes
Turn   | Place    | Note
-------+----------+-------------------------------------------
     0 | D:1      | MunHun the Gargoyle Reaver began the quest for the Orb.
     0 | D:1      | Reached XP level 1. HP: 12/12 MP: 3/3
   114 | D:1      | Reached XP level 2. HP: 12/17 MP: 5/5
   354 | D:1      | Slain by a kobold

Illustrated notes

Levels and vault maps discovered:
D:1:      wander_arrival_fairy_ring, layout_basic, roderic_lattice_a

Action                     || total
---------------------------++-------
  Melee: Spear             ||    50
 Armour: Leather armour    ||    23
  Dodge: Dodged            ||    29

Table legend: (Time is in decaauts)
 A = Elapsed time spent in this place.
 B = Non-inter-level travel time spent in this place.
 C = Inter-level travel time spent in this place.
 D = Time resting spent in this place.
 E = Time spent auto-exploring this place.
 F = Levels seen in this place.
 G = Mean time per level.
                   A        B        C        D        E       F      G
               +--------+--------+--------+--------+--------+-----+--------+
         Total |    352 |    303 |     49 |      0 |      0 |   1 |  352.0 |
       Dungeon |    352 |    303 |     49 |      0 |      0 |   1 |  352.0 |
               +--------+--------+--------+--------+--------+-----+--------+

Top non-repeatable levels by time:
     D:1: 352 daAuts
